 Dungeon Crawl Stone Soup version 0.28.0-47-ge53b351184 (webtiles) character file.

Game seed: 16237232379541082004

94 GigaChad the Covered (level 4, -1/41 HPs)
             Began as a Minotaur Fighter on May 9, 2022.
             Slain by an adder (3 damage)
             ... in a sewer.
             The game lasted 00:04:11 (2033 turns).

GigaChad the Covered (Minotaur Fighter)             Turns: 2033, Time: 00:04:11

Health: -1/41      AC:  7    Str: 20    XL:     4   Next: 38%
Magic:  3/3        EV:  9    Int:  5    God:
Gold:   46         SH:  5    Dex: 12    Spells: 3/3 levels left

rFire   . . .      SeeInvis .   a - +0 long sword
rCold   . . .      Faith    .   c - +0 buckler
rNeg    . . .      Spirit   .   b - +0 scale mail
rPois   .          Reflect  .   (helmet restricted)
rElec   .          Harm     .   (no cloak)
rCorr   .          Rampage  .   (no gloves)
Will    .....                   (no boots)
Stlth   ..........              (no amulet)
HPRegen 0.13/turn               (no ring)
MPRegen 0.08/turn               (no ring)

@: lethally poisoned (-1 -> -3)
A: horns 2, retaliatory headbutt
a: no special abilities


You were in a sewer.
You visited 1 branch of the dungeon, and saw 3 of its levels.
You also visited: Sewer.

You collected 46 gold pieces.

Inventory:

Hand Weapons
 a - a +0 long sword (weapon)
Missiles
 j - 3 javelins (quivered)
Armour
 b - a +0 scale mail (worn)
 c - a +0 buckler (worn)
Scrolls
 e - 2 scrolls of identify {unknown}
 f - a scroll of teleportation {unknown}
 g - 2 scrolls of amnesia {unknown}
 i - a scroll of enchant weapon {unknown}
 m - a scroll of immolation {unknown}
Potions
 d - a potion of might
 h - a potion of curing {unknown}
 k - a potion of lignification {unknown}
 l - a potion of flight {unknown}


   Skills:
 + Level 4.4 Fighting
 + Level 3.5 Long Blades
 + Level 4.5 Armour
 + Level 0.9 Dodging
 + Level 4.0 Shields


You had 3 spell levels left.
You didn't know any spells.
Your spell library contained the following spells:

 Spells                   Type           Power      Damage    Failure   Level
 Apportation              Tloc           0%         N/A       88%         1
 Summon Small Mammal      Summ           0%         N/A       88%         1
 Scorch                   Fire           0%         2d5       96%         2
 Call Canine Familiar     Summ           0%         N/A       99%         3
 Conjure Flame            Conj/Fire      0%         6-21      99%         3
 Inner Flame              Hex/Fire       0%         N/A       99%         3
 Portal Projectile        Hex/Tloc       0%         N/A       99%         3
 Summon Guardian Golem    Hex/Summ       0%         N/A       99%         3
 Flame Wave               Conj/Fire      0%         2d4       100%        4
 Fireball                 Conj/Fire      0%         3d3       100%        5
 Summon Cactus Giant      Summ           0%         N/A       100%        6


Dungeon Overview and Level Annotations

Branches:
Dungeon (3/15)              Sewer (1/1)

Altars:


Innate Abilities, Weirdness & Mutations

You have a pair of horns on your head.
You reflexively headbutt those who attack you in melee.


Message History

You slash the river rat! You headbutt the river rat.
You kill the river rat!
You block the rat's attack. The rat closely misses you.
You furiously retaliate!
You headbutt the rat!
You kill the rat!
The river rat bites you!
* * * LOW HITPOINT WARNING * * *
The river rat barely misses you. The rat bites you but does no damage.
The rat completely misses you. You furiously retaliate!
You headbutt the rat.
You kill the rat!
You slash the river rat!
You kill the river rat!
The adder closely misses you. The rat bites you but does no damage.
You block the river rat's attack. You block the rat's attack.
You block the adder's attack. The river rat closely misses you.
The rat bites you but does no damage.
You see here a river rat corpse.
You barely miss the river rat. Your headbutt misses the river rat.
The river rat is lightly wounded.
The adder bites you.
* * * LOW HITPOINT WARNING * * *
The river rat bites you but does no damage.
The rat bites you but does no damage. The adder bites you.
* * * LOW HITPOINT WARNING * * *
You are poisoned.
The adder poisons you!
The rat twitches its whiskers.
You closely miss the river rat. You headbutt the river rat.
The river rat is heavily wounded.
* * * LOW HITPOINT WARNING * * *
You feel sick. You block the river rat's attack. You block the adder's attack.
The rat barely misses you. You furiously retaliate!
You headbutt the rat, but do no damage. The river rat bites you.
* * * LOW HITPOINT WARNING * * *
The rat bites you but does no damage. The adder misses you.
You hit the river rat.
The river rat is almost dead.
* * * LOW HITPOINT WARNING * * *
You feel sick. The adder bites you.
You die...

..≈≈≈≈≈...# ∩#
..≈≈≈≈≈...###.#
#..≈≈≈≈≈....#..#
##.≈≈≈≈≈≈......#
.#....≈≈≈≈......#
.....≈≈≈≈≈.....##
.....≈≈≈≈≈.....##
......≈≈......rr##
.....≈≈†≈.....rS@##
......≈≈≈.....r#r.#
......≈≈≈.....###.#
.....≈≈≈......# #∩#
.##..≈≈≈.......####
##.≈≈≈≈......#
#..≈≈≈.≈.....#
#..≈≈≈≈≈......#
...≈≈≈≈≈≈......


You could see an adder, a river rat and 4 rats.

Vanquished Creatures
  An adder (D:2)
  2 river rats (Sewer)
  2 worms (D:3)
  An orc (D:3)
  4 ball pythons
  3 bats
  5 endoplasms
  4 giant cockroaches
  4 goblins
  7 hobgoblins
  4 jackals (D:2)
  4 kobolds
  3 quokkas
  3 frilled lizards
  9 rats
56 creatures vanquished.

Notes
Turn   | Place    | Note
-------+----------+-------------------------------------------
     0 | D:1      | GigaChad the Minotaur Fighter began the quest for the Orb.
     0 | D:1      | Reached XP level 1. HP: 19/19 MP: 0/0
   140 | D:1      | Found a faded altar of an unknown god.
   151 | D:1      | Got the Disquisition on Fire and Dislocation
   435 | D:1      | Reached XP level 2. HP: 23/27 MP: 1/1
  1078 | D:2      | Reached XP level 3. HP: 26/33 MP: 2/2
  1952 | D:3      | Found a glowing drain.
  1961 | D:3      | Reached XP level 4. HP: 41/41 MP: 3/3
  1985 | Sewer    | Entered a sewer
  2032 | Sewer    | HP: 2/41 [river rat (1)]
  2033 | Sewer    | Slain by an adder

Illustrated notes

Levels and vault maps discovered:
D:1:      dpeg_arrival_water_fire, layout_loops_ring,
          hellmonk_ecumenical_altar_heavens_door, kennysheep_doodads,
          minmay_misc_feat_encased, minmay_misc_feat_pillars,
          minmay_misc_feat_nine_boxes, nicolae_concentric_dashed_squares_wild
D:2:      layout_basic
D:3:      layout_loops_corners, portal_sewer_entry_b
Sewer:    sewer_minmay_treatment

Skill      XL: |  1  2  3 |
---------------+----------+-----
Armour         | 4 |  4.5
Fighting       | 4 |  4.4
Shields        | 4 |  4.0
Long Blades    | 3 |  3.5
Dodging        | |  0.9

Action                   |  1- 3 |  4- 6 || total
-------------------------+-------+-------++-------
Melee: Long sword        |    74 |    22 ||    96
       Headbutt          |     7 |     4 ||    11
Armor: Scale mail        |    43 |    17 ||    60
Dodge: Dodged            |    39 |    24 ||    63
Block: Buckler           |    15 |    14 ||    29
